 Dungeon Crawl Stone Soup version 0.28-b1-25-g9875b3fc8c (webtiles) character file.

Game seed: 1832646222675972555

198 MisterFreud the Cudgeller (level 5, -3/50 HPs)
             Began as a Troll Berserker on Feb 2, 2022.
             Was a Believer of Trog.
             Succumbed to a scorpion's poison
             ... on level 4 of the Dungeon.
             The game lasted 00:02:51 (1992 turns).

MisterFreud the Cudgeller (Troll Berserker)         Turns: 1992, Time: 00:02:52

Health: -3/50      AC:  4    Str: 23    XL:     5   Next: 47%
Magic:  4/4        EV: 10    Int:  3    God:    Trog [**....]
Gold:   123        SH:  0    Dex:  9    Spells: 4/4 levels left

rFire   . . .      SeeInvis .   a - +0 mace
rCold   . . .      Faith    .   (no shield)
rNeg    . . .      Spirit   .   b - +0 animal skin
rPois   .          Reflect  .   (helmet restricted)
rElec   .          Harm     .   (no cloak)
rCorr   +          Rampage  .   (gloves unavailable)
Will    .....                   (boots unavailable)
Stlth   +.........              (no amulet)
HPRegen 0.96/turn               d - ring of resist corrosion
MPRegen 0.09/turn               (no ring)

@: lethally poisoned (-3 -> -9), on berserk cooldown, slowed, very slow
A: large, unfitting armour, claws 3, regeneration 1, shaggy fur 1, tough skin 1,
dopey 1, weak 1
a: Renounce Religion, Berserk, Trog's Hand


You were on level 4 of the Dungeon.
You worshipped Trog.
Trog was pleased with you.
You visited 1 branch of the dungeon, and saw 4 of its levels.

You collected 123 gold pieces.

Inventory:

Hand Weapons
 a - a +0 mace (weapon)
Missiles
 h - 4 poisoned darts (quivered)
Armour
 b - a +0 animal skin (worn)
 i - a scarf of harm
Jewellery
 d - a ring of resist corrosion (left claw)
Scrolls
 k - a scroll of teleportation
 m - a scroll of torment
Potions
 c - a potion of cancellation {unknown}
 e - a potion of heal wounds {unknown}
 f - 2 potions of brilliance {unknown}
 g - 2 potions of mutation
 j - a potion of degeneration {unknown}
 l - a potion of berserk rage {unknown}


   Skills:
 - Level 2.4 Fighting
 + Level 5.7 Maces & Flails
 - Level 2.4 Dodging


You had 4 spell levels left.
You didn't know any spells.
Your spell library was empty.

Dungeon Overview and Level Annotations

Branches:
Dungeon (4/15)
 Temple: D:4-7

Altars:
Wu Jian


Innate Abilities, Weirdness & Mutations

You are too large for most types of armour.
You have claws for hands.
Your natural rate of healing is unusually fast.
You are covered in fur. (AC +1)
You have tough skin. (AC +1)
You are dopey. (Int -2)
You are weak. (Str -2)


Message History

The iguana is severely wounded.
The iguana barely misses you.
A red film seems to cover your vision as you go berserk!
You feel yourself moving faster!
You feel mighty! The iguana bites you.
You closely miss the iguana.
The iguana is severely wounded.
The iguana bites you.
* * * LOW HITPOINT WARNING * * *
You sock the iguana!
You kill the iguana!
Trog accepts your kill.
A scorpion comes into view.
You see here an iguana corpse.
You feel a strong urge to attack something.
You feel your anger nearly subside.
You are no longer berserk.
You are exhausted.
You feel yourself slow down. The scorpion stings you.
* * * LOW HITPOINT WARNING * * *
You are poisoned.
The scorpion poisons you!
You closely miss the scorpion.
You feel very sick. The scorpion stings you.
* * * LOW HITPOINT WARNING * * *
The scorpion stings you.
* * * LOW HITPOINT WARNING * * *
You barely miss the scorpion.
You feel very sick. The scorpion barely misses you. x2
You hit the scorpion.
The scorpion is moderately wounded.
You feel your willpower return.
You feel sick. The scorpion stings you.
* * * LOW HITPOINT WARNING * * *
You are more poisoned.
The scorpion poisons you! The scorpion stings you.
* * * LOW HITPOINT WARNING * * *
It was a potion of mutation.
You feel extremely strange.
You feel stupid.
You feel weaker.
You die...

... ...
|...
####.....
##..#.....
#.........
#.........
####s#
#..#@##
#.<...#
#.....+
##.####
###


You could see a scorpion.

Vanquished Creatures
  A phantom (D:3)
  An iguana (D:4)
  4 adders
  A dart slug (D:1)
  An orc (D:3)
  6 endoplasms
  A giant cockroach (D:1)
  4 goblins
  5 hobgoblins
  2 jackals (D:1)
  A quokka (D:1)
  8 ball pythons
  4 bats
  5 frilled lizards
  7 kobolds
  10 rats
61 creatures vanquished.

Notes
Turn   | Place    | Note
-------+----------+-------------------------------------------
     0 | D:1      | MisterFreud the Troll Berserker began the quest for the
                  | Orb.
     0 | D:1      | Reached XP level 1. HP: 22/22 MP: 0/0
    48 | D:1      | Reached skill level 3 in Maces & Flails
    78 | D:1      | Found a faded altar of an unknown god.
    82 | D:1      | Reached XP level 2. HP: 29/29 MP: 1/1
   210 | D:1      | Reached ** piety under Trog
   477 | D:1      | Reached XP level 3. HP: 36/36 MP: 2/2
   807 | D:2      | Reached skill level 4 in Maces & Flails
  1312 | D:2      | Found an ornate altar of the Wu Jian Council.
  1471 | D:3      | Reached XP level 4. HP: 40/44 MP: 3/3
  1611 | D:3      | Noticed a phantom
  1633 | D:3      | Killed a phantom
  1634 | D:3      | Reached skill level 5 in Maces & Flails
  1634 | D:3      | Reached XP level 5. HP: 23/50 MP: 4/4
  1991 | D:4      | HP: 2/50 [scorpion (2)]
  1992 | D:4      | Gained mutation: You are dopey. (Int -2) [potion of
                  | mutation]
  1992 | D:4      | Gained mutation: You are weak. (Str -2) [potion of
                  | mutation]
  1992 | D:4      | Succumbed to a scorpion's poison

Illustrated notes

Levels and vault maps discovered:
D:1:      dpeg_arrival_orchard, layout_loops_ring,
          nicolae_ecumenical_snake_handling
D:2:      layout_basic, basic_altar
D:3:      layout_rooms
D:4:      layout_gridville

Skill      XL: |  1  2  3  4 |
---------------+-------------+-----
Maces & Flails | 3 4 5 |  5.7
Fighting       | |  2.4
Dodging        | |  2.4

Action                   |  1- 3 |  4- 6 || total
-------------------------+-------+-------++-------
Melee: Mace              |   148 |    73 ||   221
       Punch             |     1 |     3 ||     4
Invok: Trog's Hand       |       |     1 ||     1
       Berserk           |       |     1 ||     1
  Use: Scroll            |       |     4 ||     4
       Potion            |       |     1 ||     1
Armor: Animal skin       |    75 |    21 ||    96
Dodge: Dodged            |    90 |    35 ||   125
